MID
BOWLING GREEN HOT RODS @ LANSING LUGNUTS
05/21/2044
 
TOP OF THE 1ST
Bowling Green Hot Rods batting - Pitching for Lansing Lugnuts : RHP Orlando Giron
Pitching: RHP Orlando Giron
Batting: SHB Julio Hernandez 0-0: Swinging Strike
0-1: Foul Ball, location: 2F
0-2: Ball
1-2: Strikes out looking
Batting: LHB Jake Rheaume 0-0: Called Strike
0-1: Ball
1-1: Ball
2-1: Ball
3-1: Base on Balls
Batting: RHB Adam Kaeser 0-0: Ball
Jake Rheaume steals 2nd, throwing error, E2
Jake Rheaume to third
1-0: Foul Ball, location: 2F
1-1: Ball
2-1: Ground out 4-3 (Groundball, 4, EV 109.4 MPH)
Jake Rheaume scores
Batting: LHB Mario Ocana 0-0: Foul Ball, location: 2F
0-1: Ball
1-1: Ball
2-1: SINGLE (Flyball, 3D, EV 90.0 MPH)
Batting: RHB David Ward 0-0: Ball
1-0: Called Strike
1-1: Ground out 6-3 (Groundball, 6M, EV 89.4 MPH)
Top of the 1st over - 1 run, 1 hit, 1 error, 1 left on base; Bowling Green 1 - Lansing 0
BOTTOM OF THE 1ST
Lansing Lugnuts batting - Pitching for Bowling Green Hot Rods : RHP Greg Spaulding
Pitching: RHP Greg Spaulding
Batting: RHB Kyle Silveira 0-0: Ball
1-0: Swinging Strike
1-1: Called Strike
1-2: Strikes out swinging
Batting: RHB Finn Ross 0-0: Ball
1-0: Called Strike
1-1: Swinging Strike
1-2: SINGLE (Line Drive, 7S, EV 98.1 MPH)
Batting: LHB David Ramirez 0-0: Called Strike
Finn Ross steals 2nd base
0-1: Ball
1-1: Ground out 4-3 (Groundball, 4, EV 105.0 MPH)
Finn Ross to third
Batting: SHB Jose Garcia 0-0: Ball
1-0: Fly out, F7 (Flyball, 7D, EV 108.1 MPH)
Bottom of the 1st over - 0 runs, 1 hit, 0 errors, 1 left on base; Bowling Green 1 - Lansing 0
TOP OF THE 2ND
Bowling Green Hot Rods batting - Pitching for Lansing Lugnuts : RHP Orlando Giron
Batting: RHB Paul Landes 0-0: Foul Ball, location: 2F
0-1: Ball
1-1: Ball
2-1: Swinging Strike
2-2: Fly out, F8 (Line Drive, 8RM, EV 85.6 MPH)
Batting: LHB Jimmy Detrie 0-0: Foul Ball, location: 2F
0-1: Fly out, F8 (Flyball, 8RD, EV 103.8 MPH)
Batting: RHB Steve Byerly 0-0: SINGLE (Flyball, 56D, EV 90.0 MPH)
Batting: RHB Kevin Benfield 0-0: Foul Ball, location: 2F
0-1: Called Strike
0-2: Ball
1-2: Foul Ball, location: 2F
1-2: Ball
2-2: Strikes out swinging
Top of the 2nd over - 0 runs, 1 hit, 0 errors, 1 left on base; Bowling Green 1 - Lansing 0
BOTTOM OF THE 2ND
Lansing Lugnuts batting - Pitching for Bowling Green Hot Rods : RHP Greg Spaulding
Batting: RHB Bryan Westray 0-0: Called Strike
0-1: Ball
1-1: Foul Ball, location: 2F
1-2: Fly out, F8 (Flyball, 8LXD, EV 85.6 MPH)
Batting: RHB Tony Stedman 0-0: Called Strike
0-1: Ball
1-1: Ball
2-1: Ball
3-1: Called Strike
3-2: Ground out 5-3 (Groundball, 56, EV 81.2 MPH)
Batting: RHB Luis Reyes 0-0: Fly out, F9 (Line Drive, 9, EV 84.4 MPH)
Bottom of the 2nd over - 0 runs, 0 hits, 0 errors, 0 left on base; Bowling Green 1 - Lansing 0
TOP OF THE 3RD
Bowling Green Hot Rods batting - Pitching for Lansing Lugnuts : RHP Orlando Giron
Batting: SHB Julio Hernandez 0-0: Ball
1-0: Foul Ball, location: 2F
1-1: Ball
2-1: Foul Ball, location: 2F
2-2: Strikes out swinging
Batting: LHB Jake Rheaume 0-0: Ball
1-0: Ball
2-0: Called Strike
2-1: Ground out 4-3 (Groundball, 34D, EV 91.2 MPH)
Batting: RHB Adam Kaeser 0-0: Called Strike
0-1: Ground out 6-3 (Groundball, 6, EV 103.8 MPH)
Top of the 3rd over - 0 runs, 0 hits, 0 errors, 0 left on base; Bowling Green 1 - Lansing 0
BOTTOM OF THE 3RD
Lansing Lugnuts batting - Pitching for Bowling Green Hot Rods : RHP Greg Spaulding
Batting: LHB Roger Escareno 0-0: Ball
1-0: Ball
2-0: SINGLE (Line Drive, 9S, EV 96.9 MPH)
Batting: RHB Darren McCarty Jr. 0-0: Called Strike
0-1: Called Strike
0-2: Ball
1-2: Ball
2-2: Foul Ball, location: 2F
2-2: Ground out 4-3 (Groundball, 4MD, EV 103.8 MPH)
Roger Escareno to second
Batting: RHB Kyle Silveira 0-0: Ball
1-0: Ball
2-0: Called Strike
2-1: Ball
3-1: Base on Balls
Batting: RHB Finn Ross 0-0: Swinging Strike
0-1: Ball
1-1: Ball
2-1: SINGLE (Groundball, 4D, EV 95.0 MPH)
Roger Escareno to third
Kyle Silveira to second
Batting: LHB David Ramirez 0-0: Ball
1-0: Ball
2-0: Ball
3-0: Base on Balls
Roger Escareno scores
Kyle Silveira to third
Finn Ross to second
Batting: SHB Jose Garcia 0-0: Ball
1-0: GRAND SLAM HOME RUN (Flyball, 89XD, EV 98.1 MPH), Distance : 400 ft
Batting: RHB Bryan Westray 0-0: Fly out, F8 (Flyball, 8RS, EV 92.5 MPH)
Batting: RHB Tony Stedman 0-0: Called Strike
0-1: Ball
1-1: Foul Ball, location: 2F
1-2: Ball
2-2: Ball
3-2: Foul Ball, location: 2F
3-2: Foul Ball, location: 2F
3-2: Strikes out swinging
Bottom of the 3rd over - 5 runs, 3 hits, 0 errors, 0 left on base; Bowling Green 1 - Lansing 5
TOP OF THE 4TH
Bowling Green Hot Rods batting - Pitching for Lansing Lugnuts : RHP Orlando Giron
Batting: LHB Mario Ocana 0-0: Foul Ball, location: 2F
0-1: DOUBLE (Line Drive, 9LM, EV 107.5 MPH) - OUT at third base trying to stretch hit.
Batting: RHB David Ward 0-0: Ball
1-0: Called Strike
1-1: Ball
2-1: Ground out 5-3 (Groundball, 5S, EV 68.8 MPH)
Batting: RHB Paul Landes 0-0: Ball
1-0: Swinging Strike
1-1: Ball
2-1: Ball
3-1: Fly out, F7 (Line Drive, 7D, EV 103.1 MPH)
Top of the 4th over - 0 runs, 1 hit, 0 errors, 0 left on base; Bowling Green 1 - Lansing 5
BOTTOM OF THE 4TH
Lansing Lugnuts batting - Pitching for Bowling Green Hot Rods : RHP Greg Spaulding
Pitching: RHP Suezo Nagai
Batting: RHB Luis Reyes 0-0: Called Strike
0-1: Swinging Strike
0-2: Strikes out swinging
Batting: LHB Roger Escareno 0-0: SINGLE (Groundball, 6D, EV 98.8 MPH)
Batting: RHB Darren McCarty Jr. 0-0: Ball
Roger Escareno is caught stealing 2nd base 2-4
1-0: Foul Ball, location: 2F
1-1: Foul Ball, location: 2F
1-2: SINGLE (Flyball, 3D, EV 97.5 MPH)
Batting: RHB Kyle Silveira 0-0: Called Strike
0-1: Ball
Darren McCarty Jr. steals 2nd base
1-1: Ball
2-1: Ball
3-1: Called Strike
3-2: Ground out 4-3 (Groundball, 4, EV 77.5 MPH)
Bottom of the 4th over - 0 runs, 2 hits, 0 errors, 1 left on base; Bowling Green 1 - Lansing 5
TOP OF THE 5TH
Bowling Green Hot Rods batting - Pitching for Lansing Lugnuts : RHP Orlando Giron
Batting: LHB Jimmy Detrie 0-0: Ball
1-0: Ball
2-0: Called Strike
2-1: Foul Ball, location: 2F
2-2: SINGLE (Groundball, 23, EV 73.1 MPH) (infield hit)
Batting: RHB Steve Byerly 0-0: Swinging Strike
0-1: Ball
1-1: Called Strike
1-2: Fly out, F8 (Flyball, 89D, EV 109.4 MPH)
Batting: RHB Kevin Benfield 0-0: Ball
1-0: Ball
2-0: Ball
3-0: Base on Balls
Jimmy Detrie to second
Batting: SHB Julio Hernandez 0-0: Foul Ball, location: 2F
0-1: Swinging Strike
0-2: Foul Ball, location: 2F
0-2: Hit by Pitch
Jimmy Detrie to third
Kevin Benfield to second
Batting: LHB Jake Rheaume 0-0: Ball
1-0: Foul Ball, location: 2F
1-1: Ball
2-1: Foul Ball, location: 2F
2-2: Ball
3-2: Foul Ball, location: 2F
3-2: Fielders Choice at 2nd, 4-6 (Groundball, 4, EV 82.5 MPH)
Jimmy Detrie scores
Kevin Benfield to third
Batting: RHB Adam Kaeser 0-0: Ball
1-0: Ball
2-0: Fly out, F7 (Flyball, 7D, EV 98.8 MPH)
Top of the 5th over - 1 run, 1 hit, 0 errors, 2 left on base; Bowling Green 2 - Lansing 5
BOTTOM OF THE 5TH
Lansing Lugnuts batting - Pitching for Bowling Green Hot Rods : RHP Suezo Nagai
Batting: RHB Finn Ross 0-0: SOLO HOME RUN (Flyball, 9D, EV 93.1 MPH), Distance : 364 ft
Batting: LHB David Ramirez 0-0: Ground out 6-3 (Groundball, 6, EV 103.8 MPH)
Batting: SHB Jose Garcia 0-0: Ball
1-0: SOLO HOME RUN (Flyball, 9D, EV 95.6 MPH), Distance : 362 ft
Batting: RHB Bryan Westray 0-0: Ball
1-0: Ground out 1-3 (Groundball, 34S, EV 72.5 MPH)
Batting: RHB Tony Stedman 0-0: Ball
1-0: Called Strike
1-1: Ball
2-1: Ground out 5-3 (Groundball, 56S, EV 87.5 MPH)
Bottom of the 5th over - 2 runs, 2 hits, 0 errors, 0 left on base; Bowling Green 2 - Lansing 7
TOP OF THE 6TH
Bowling Green Hot Rods batting - Pitching for Lansing Lugnuts : RHP Orlando Giron
Batting: LHB Mario Ocana 0-0: Ball
1-0: Swinging Strike
1-1: Ball
2-1: Foul Ball, location: 2F
2-2: SINGLE (Line Drive, 9S, EV 106.9 MPH)
Batting: RHB David Ward 0-0: Ball
1-0: Fly out, F9 (Flyball, 9LS, EV 89.4 MPH)
Batting: RHB Paul Landes 0-0: Swinging Strike
0-1: Ball
1-1: Called Strike
1-2: Ball
2-2: Strikes out swinging
Batting: LHB Jimmy Detrie 0-0: Ball
1-0: Ball
2-0: Ball
3-0: Called Strike
3-1: Base on Balls
Mario Ocana to second
Pitching: LHP Bruce Knight
Batting: RHB Steve Byerly 0-0: Ball
1-0: Ball
2-0: Called Strike
2-1: Ground out 5-3 (Groundball, 56, EV 111.9 MPH)
Top of the 6th over - 0 runs, 1 hit, 0 errors, 2 left on base; Bowling Green 2 - Lansing 7
BOTTOM OF THE 6TH
Lansing Lugnuts batting - Pitching for Bowling Green Hot Rods : RHP Suezo Nagai
Batting: RHB Luis Reyes 0-0: Called Strike
0-1: Ball
1-1: Ground out 6-3 (Groundball, 6, EV 90.6 MPH)
Batting: LHB Roger Escareno 0-0: Called Strike
0-1: DOUBLE (Line Drive, 9LM, EV 103.1 MPH)
Batting: RHB Darren McCarty Jr. 0-0: Called Strike
0-1: Ball
1-1: Ball
Wild Pitch!
Roger Escareno to third
2-1: Ball
3-1: Base on Balls
Batting: RHB Kyle Silveira 0-0: Called Strike
0-1: Ball
Darren McCarty Jr. steals 2nd base
1-1: SINGLE (Groundball, 4MS, EV 68.8 MPH) (infield hit)
Roger Escareno scores
Darren McCarty Jr. to third
Pitching: RHP Jeremy Price
Batting: RHB Finn Ross 0-0: Ball
1-0: Ball
2-0: Called Strike
2-1: Foul Ball, location: 2F
2-2: Fielders Choice at 2nd, 4-6 (Groundball, 4M, EV 95.0 MPH)
Darren McCarty Jr. scores
Batting: LHB David Ramirez 0-0: Called Strike
0-1: Ball
1-1: Fly out, F5 (Line Drive, 5, EV 62.5 MPH)
Bottom of the 6th over - 2 runs, 2 hits, 0 errors, 1 left on base; Bowling Green 2 - Lansing 9
TOP OF THE 7TH
Bowling Green Hot Rods batting - Pitching for Lansing Lugnuts : LHP Bruce Knight
Batting: RHB Kevin Benfield 0-0: Ball
1-0: Called Strike
1-1: Foul Ball, location: 2F
1-2: Ground out 4-3 (Groundball, 4, EV 84.4 MPH)
Batting: SHB Julio Hernandez 0-0: Ball
1-0: Foul Ball, location: 2F
1-1: SOLO HOME RUN (Flyball, 7D, EV 98.1 MPH), Distance : 369 ft
Batting: LHB Jake Rheaume 0-0: Called Strike
0-1: SINGLE (Line Drive, 8LS, EV 96.2 MPH)
Batting: RHB Adam Kaeser 0-0: Ball
1-0: Called Strike
1-1: Ball
2-1: Foul Ball, location: 2F
2-2: Strikes out swinging
Batting: LHB Mario Ocana 0-0: Ball
1-0: Ball
2-0: Called Strike
2-1: Foul Ball, location: 2F
2-2: Foul Ball, location: 2F
2-2: Ball
3-2: 2-RUN HOME RUN (Flyball, 9D, EV 93.8 MPH), Distance : 371 ft
Pitching: RHP Jordan Jacobo
Batting: RHB David Ward 0-0: Ground out 6-3 (Groundball, 6S, EV 87.5 MPH)
Top of the 7th over - 3 runs, 3 hits, 0 errors, 0 left on base; Bowling Green 5 - Lansing 9
BOTTOM OF THE 7TH
Lansing Lugnuts batting - Pitching for Bowling Green Hot Rods : RHP Jeremy Price
Batting: SHB Jose Garcia 0-0: Called Strike
0-1: Ball
1-1: Ball
2-1: Ball
3-1: Base on Balls
Batting: RHB Bryan Westray 0-0: Called Strike
0-1: Grounds into double play, 1-6-3 (Groundball, 13S, EV 66.9 MPH)
Batting: RHB Tony Stedman 0-0: Called Strike
0-1: Called Strike
0-2: Ball
1-2: Ball
2-2: Ball
3-2: Strikes out swinging, 2-3 out at first.
Bottom of the 7th over - 0 runs, 0 hits, 0 errors, 0 left on base; Bowling Green 5 - Lansing 9
TOP OF THE 8TH
Bowling Green Hot Rods batting - Pitching for Lansing Lugnuts : RHP Jordan Jacobo
Batting: RHB Paul Landes 0-0: Called Strike
0-1: Ball
1-1: Foul Ball, location: 2F
1-2: Foul Ball, location: 2F
1-2: Ball
2-2: Ball
3-2: Strikes out swinging
Batting: LHB Jimmy Detrie 0-0: Ball
1-0: Fly out, F8 (Line Drive, 8LD, EV 91.2 MPH)
Batting: RHB Steve Byerly 0-0: Called Strike
0-1: Foul Ball, location: 2F
0-2: Ball
1-2: Ball
2-2: Foul Ball, location: 2F
2-2: Strikes out swinging
Top of the 8th over - 0 runs, 0 hits, 0 errors, 0 left on base; Bowling Green 5 - Lansing 9
BOTTOM OF THE 8TH
Lansing Lugnuts batting - Pitching for Bowling Green Hot Rods : RHP Jeremy Price
Pitching: RHP Virgil Laverick
Batting: RHB Luis Reyes 0-0: Called Strike
0-1: Called Strike
0-2: Foul Ball, location: 2F
0-2: Foul Ball, location: 2F
0-2: Fly out, F9 (Flyball, 9D, EV 98.8 MPH)
Batting: LHB Roger Escareno 0-0: Foul Ball, location: 2F
0-1: Ball
1-1: Ground out 6-3 (Groundball, 6S, EV 91.9 MPH)
Batting: RHB Darren McCarty Jr. 0-0: Ball
1-0: Foul Ball, location: 2F
1-1: Swinging Strike
1-2: Foul Ball, location: 2F
1-2: SINGLE (Groundball, 6MS, EV 67.5 MPH) (infield hit)
Batting: RHB Kyle Silveira 0-0: Ball
1-0: Foul Ball, location: 2F
1-1: Ball
Passed Ball!
Darren McCarty Jr. to second
2-1: Ball
3-1: DOUBLE (Line Drive, 7LM, EV 94.4 MPH)
Darren McCarty Jr. scores
Batting: RHB Finn Ross 0-0: Ball
1-0: Foul Ball, location: 2F
1-1: Ball
2-1: Ball
3-1: Fly out, F8 (Flyball, 8RM, EV 96.9 MPH)
Bottom of the 8th over - 1 run, 2 hits, 0 errors, 1 left on base; Bowling Green 5 - Lansing 10
TOP OF THE 9TH
Bowling Green Hot Rods batting - Pitching for Lansing Lugnuts : RHP Jordan Jacobo
Batting: RHB Kevin Benfield 0-0: Ball
1-0: Ball
2-0: Ball
3-0: Called Strike
3-1: Foul Ball, location: 2F
3-2: Ground out 5-3 (Groundball, 5L, EV 94.4 MPH)
Batting: SHB Julio Hernandez 0-0: Ball
1-0: Ball
2-0: Called Strike
2-1: Foul Ball, location: 2F
2-2: Strikes out swinging
Batting: LHB Jake Rheaume 0-0: Called Strike
0-1: Ball
1-1: Ball
2-1: Foul Ball, location: 2F
2-2: Foul Ball, location: 2F
2-2: DOUBLE (Flyball, 78XD, EV 100.0 MPH)
Batting: RHB Adam Kaeser 0-0: Ball
1-0: Foul Ball, location: 2F
1-1: Foul Ball, location: 2F
1-2: Strikes out swinging
Top of the 9th over - 0 runs, 1 hit, 0 errors, 1 left on base; Bowling Green 5 - Lansing 10
Thursday, March 31st , 2022 - OOTP Baseball 22.12 Build 89